 Dungeon Crawl Stone Soup version 0.16.2-12-gd0ad4c3 (webtiles) character file.

1272 schauveau the Magician (level 8, 0/41 HPs)
             Began as a Gargoyle Earth Elementalist on Oct 31, 2015.
             Was a Believer of Vehumet.
             Slain by PikaSir's ghost (10 damage)
             ... on level 6 of the Dungeon.
             The game lasted 00:28:01 (6290 turns).

schauveau the Magician (GrEE)                       Turns: 6290, Time: 00:28:01

Health: 0/41       AC: 12    Str: 12    XL:     8   Next: 53%
Magic:  1/21       EV: 12    Int: 18    God:    Vehumet [**....]
Gold:   295        SH:  0    Dex: 10    Spells: 5 memorised, 3 levels left

rFire  . . .     SeeInvis .     a - +0 flail (protect) (curse)
rCold  . . .     Clarity  .     c - +0 robe
rNeg   + . .     SustAb   .     (no shield)
rPois  ∞         Gourm    .     (no helmet)
rElec  +         Spirit   .     (no cloak)
rCorr  .         Warding  .     (no gloves)
rMut   .         Stasis   .     (no boots)
MR     +....                    (no amulet)
Stlth  ++........               q - ring of protection from magic
                                o - ring of wizardry

@: somewhat resistant to hostile enchantments, unstealthy
A: negative energy resistance 1, electricity resistance, unbreathing,
petrification resistance, rot immunity, AC +5
a: Renounce Religion


You were on level 6 of the Dungeon.
You worshipped Vehumet.
Vehumet was pleased with you.
You were not hungry.

You visited 1 branch of the dungeon, and saw 6 of its levels.

You collected 295 gold pieces.

Inventory:

Hand weapons
 a - a cursed +0 flail of protection (weapon)
 e - a +0 club
 g - a +0 club
 G - a cursed -1 hand axe
Missiles
 b - 260 stones (quivered)
 r - 6 poisoned needles
Armour
 c - a +0 robe (worn)
Jewellery
 f - an uncursed amulet of clarity {unknown}
 o - a ring of wizardry (left hand)
 q - a ring of protection from magic (right hand)
 F - an uncursed amulet of stasis
 I - an uncursed ring of positive energy {unknown}
Magical devices
 k - a wand of digging (11)
 n - a wand of digging (12)
 B - a wand of random effects (17)
 E - a wand of flame (0)
Scrolls
 i - 3 scrolls of remove curse
 l - a scroll of magic mapping {unknown}
 s - 2 scrolls of amnesia
 t - 2 scrolls of noise {unknown}
 v - 2 scrolls of recharging {unknown}
 w - a scroll of enchant armour {unknown}
 x - 2 scrolls of teleportation {unknown}
Potions
 h - a potion of ambrosia
 j - 2 potions of curing {unknown}
 m - a potion of brilliance
 u - a potion of flight {unknown}
 z - 2 potions of heal wounds
 D - a potion of restore abilities {unknown}
 H - 2 potions of invisibility {unknown}
Books
 d - a book of Geomancy

   Spells                             Type                      Level
   a - Sandblast                      Earth                        1
   b - Stoneskin                      Transmutation/Earth          2
   c - Passwall                       Transmutation/Earth          3
   d - Stone Arrow                    Conjuration/Earth            3
   e - Petrify                        Transmutation/Earth          4
   f - Lee's Rapid Deconstruction     Earth                        5
 A - a Fen Folio

   Spells                             Type                      Level
   a - Corpse Rot                     Necromancy                   2
   b - Stone Arrow                    Conjuration/Earth            3
   c - Leda's Liquefaction            Hexes/Earth                  4
   d - Summon Forest                  Summoning/Translocation      5
   e - Hydra Form                     Transmutation                6
   f - Summon Hydra                   Summoning                    7
 C - a book of Fire

   Spells                             Type                      Level
   a - Ignite Poison                  Fire/Transmutation           5
   b - Fireball                       Conjuration/Fire             5
   c - Bolt of Fire                   Conjuration/Fire             6
   d - Delayed Fireball               Conjuration/Fire             7
   e - Ring of Flames                 Charms/Fire                  7
Comestibles
 p - 3 meat rations
 y - 4 bread rations


   Skills:
 - Level 1.5 Dodging
 - Level 2.1 Stealth
 - Level 6.1 Spellcasting
 + Level 3.8 Conjurations
 - Level 0.7 Transmutations
 * Level 5.3 Fire Magic
 - Level 5.9 Earth Magic


You had 3 spell levels left.
You knew the following spells:

 Your Spells              Type           Power        Failure   Level  Hunger
a - Sandblast             Erth           ####..       1%          1    None
b - Stoneskin             Trmt/Erth      ###.....     2%          2    None
c - Lee's Rapid Deconstr  Erth           ####......   14%         5    #####..
d - Fireball              Conj/Fire      ###.......   26%         5    #####..
z - Stone Arrow           Conj/Erth      ###...       2%          3    ##.....


Dungeon Overview and Level Annotations

Branches:
Dungeon (6/15)
 Temple: D:4-7

Altars:
Gozag
Makhleb
Nemelex Xobeh
Qazlal
Sif Muna
Trog
Vehumet
Zin

Annotations:
D:4 Britaniac's ghost, average NaTm
D:6 PikaSir's ghost, experienced TrMo


Innate Abilities, Weirdness & Mutations

You are resistant to torment.
You are immune to poison.
Your stone body is very resilient (AC +5).
You resist negative energy.
You are resistant to electric shocks.
You can survive without breathing.
You are immune to petrification.
You are immune to rotting.


Message History

Confirm with . or Enter, or press ? or * to list all spells.
Aiming: Stone Arrow
Press: ? - help, Shift-Dir - straight line, f/p - PikaSir's ghost
Aim: PikaSir's ghost (moderately damaged)
The stone arrow misses PikaSir's ghost.
PikaSir's ghost hits you.
Casting: Stone Arrow
Confirm with . or Enter, or press ? or * to list all spells.
Aiming: Stone Arrow
Press: ? - help, Shift-Dir - straight line, f/p - PikaSir's ghost
Aim: PikaSir's ghost (moderately damaged)
The stone arrow misses PikaSir's ghost.
PikaSir's ghost barely misses you.
Casting: Stone Arrow
Confirm with . or Enter, or press ? or * to list all spells.
Aiming: Stone Arrow
Press: ? - help, Shift-Dir - straight line, f/p - PikaSir's ghost
Aim: PikaSir's ghost (moderately damaged)
The stone arrow misses PikaSir's ghost.
PikaSir's ghost hits you!
* * * LOW HITPOINT WARNING * * *
PikaSir's ghost hits you!
You die...

#.# ...
#.# #..
#.# #.#
#.# #W#
#@#
#.......#
#.###.#.#
#.# #.#
#.# #..
###


You could see PikaSir's ghost.

Vanquished Creatures
  Eustachio (D:5)
  Menkaure (D:5)
  The ghost of schauveau the Digger, an average GrEE of Vehumet (D:4)
  A sky beast (D:5)
  A centaur (D:4)
  A wyvern zombie (D:5)
  3 scorpions
  A crimson imp (D:3)
  A hound (D:4)
  An iguana (D:5)
  3 orc priests (D:4)
  An orc wizard (D:4)
  A centaur skeleton (D:4)
  2 worker ants (D:4)
  Ijyb (D:2)
  7 adders
  4 gnolls (D:5)
  A giant mite (D:4)
  2 shadow imps (D:5)
  A worm (D:2)
  8 orcs
  2 ball pythons
  A bat skeleton (D:5)
  7 giant cockroaches
  10 goblins
  12 hobgoblins
  7 kobolds
  3 quokkas
  12 bats
  3 giant geckos
  4 giant newts
  A hobgoblin zombie (D:5)
  4 jackals
  A jackal zombie (D:5)
  11 rats
121 creatures vanquished.

Notes
Turn   | Place    | Note
--------------------------------------------------------------
     0 | D:1      | schauveau, the Gargoyle Earth Elementalist, began the quest for the Orb.
     0 | D:1      | Reached XP level 1. HP: 10/10 MP: 3/3
   221 | D:1      | Reached skill level 4 in Earth Magic
   221 | D:1      | Reached XP level 2. HP: 15/15 MP: 2/4
   970 | D:1      | Reached XP level 3. HP: 15/19 MP: 2/6
  1457 | D:2      | Found a stormy altar of Qazlal.
  1458 | D:2      | Found an opulent altar of Gozag.
  1526 | D:2      | Noticed Ijyb
  1542 | D:2      | Killed Ijyb
  1542 | D:2      | Reached XP level 4. HP: 16/24 MP: 1/9
  1562 | D:2      | Learned a level 3 spell: Stone Arrow
  1565 | D:2      | Learned a level 2 spell: Stoneskin
  3191 | D:3      | Found a burning altar of Makhleb.
  3191 | D:3      | Found a radiant altar of Vehumet.
  3211 | D:3      | Became a worshipper of Vehumet
  3243 | D:3      | Reached XP level 5. HP: 12/28 MP: 0/13
  3719 | D:4      | Learned a level 5 spell: Lee's Rapid Deconstruction
  3749 | D:4      | Noticed a centaur
  3756 | D:4      | Killed a centaur
  3756 | D:4      | Reached skill level 5 in Spellcasting
  3756 | D:4      | Reached XP level 6. HP: 24/32 MP: 1/17
  3838 | D:4      | Noticed Britaniac's ghost (average NaTm)
  4061 | D:5      | Entered Level 5 of the Dungeon
  4237 | D:4      | Acquired Vehumet's first power
  4237 | D:4      | Offered knowledge of Sting by Vehumet.
  4237 | D:4      | Reached skill level 5 in Earth Magic
  4248 | D:4      | Reached skill level 1 in Conjurations
  4259 | D:4      | Reached XP level 7. HP: 36/36 MP: 1/19
  4372 | D:4      | Found a sparkling altar of Nemelex Xobeh.
  4430 | D:4      | Noticed schauveau's ghost (average GrEE)
  4478 | D:4      | Killed schauveau's ghost
  4485 | D:4      | Learned a level 5 spell: Fireball
  4728 | D:4      | Reached skill level 6 in Spellcasting
  4752 | D:4      | Reached skill level 1 in Fire Magic
  5042 | D:5      | Found a glowing silver altar of Zin.
  5380 | D:5      | Found a deep blue altar of Sif Muna.
  5532 | D:5      | Found a bloodstained altar of Trog.
  5536 | D:5      | Noticed Menkaure
  5541 | D:5      | Killed Menkaure
  5541 | D:5      | Reached XP level 8. HP: 11/41 MP: 13/21
  5869 | D:6      | Noticed PikaSir's ghost (experienced TrMo)
  5956 | D:5      | Noticed Eustachio
  5965 | D:5      | Killed Eustachio
  6061 | D:5      | Offered knowledge of Throw Flame by Vehumet.
  6197 | D:5      | Reached skill level 5 in Fire Magic
  6290 | D:6      | Slain by PikaSir's ghost

Action                   |  1- 3 |  4- 6 |  7- 9 || total
-------------------------+-------+-------+-------++-------
Melee: Club              |    66 |     3 |       ||    69
       Unarmed           |     1 |       |       ||     1
       Flail             |       |    67 |    66 ||   133
 Cast: Sandblast         |    40 |    71 |    28 ||   139
       Stone Arrow       |       |    22 |    66 ||    88
  Use: Scroll            |       |     3 |     3 ||     6
       Potion            |       |     1 |       ||     1
  Eat: Chunk             |     2 |     7 |     2 ||    11
       Pizza             |       |     1 |       ||     1
       Meat ration       |       |     1 |     1 ||     2
